 Dungeon Sprint DCSS version 0.27-a0-650-g8dd3ea4f36 (webtiles) character file.

Game seed: 398300786708226657

121705 mhtbhm the Axe Maniac (level 16, -13/183 HPs)
             Began as a Minotaur Fighter on Mar 16, 2021.
             Was a High Priest of Trog.
             Killed from afar by Asmodeus (28 damage)
             ... with damnation
             ... in the Dungeon (Sprint VII: "The Pits").
             The game lasted 00:15:47 (7503 turns).

mhtbhm the Axe Maniac (Minotaur Fighter)            Turns: 7503, Time: 00:15:47

Health: -13/183    AC: 24    Str: 25    XL:     16   Next: 33%
Magic:  15/15      EV: 12    Int:  3    God:    Trog [*****.]
Gold:   38         SH: 27    Dex:  7    Spells: 15/15 levels left

rFire    + + .     SeeInvis .   a - +4 broad axe (flame)
rCold    + + .     Faith    .   c - +1 tower shield
rNeg     . . .     Spirit   .   b - +2 gold dragon scales
rPois    +         Reflect  .   (helmet restricted)
rElec    .         Harm     .   A - scarf {rC+ rF+}
rCorr    .         Rampage  .   (no gloves)
Will     ++++.     NoTele   +   p - +1 pair of boots {Fly}
Stlth    ..........             (no amulet)
HPRegen  1.00/turn              n - +3 ring of evasion
MPRegen  0.14/turn              s - ring of willpower

@: berserk cooldown, flying, regenerating, slowed, very slow
A: horns 2, retaliatory headbutt, clumsy 2, deformed body, dopey 1, inhibited
regeneration, weak 1
a: Stop Flying, Renounce Religion, Berserk, Trog's Hand, Brothers in Arms


You were in the Dungeon.
You worshipped Trog.
Trog was extremely pleased with you.
You visited 1 branch You collected 38 gold pieces.

Inventory:

Hand Weapons
 a - a +4 broad axe of flaming (weapon)
Missiles
 z - 8 javelins (quivered)
Armour
 b - +2 gold dragon scales (worn)
 c - a +1 tower shield (worn)
 p - a +1 pair of boots of flying (worn)
 A - a scarf of resistance (worn)
Jewellery
 m - a ring of protection from fire
 n - a +3 ring of evasion (right hand)
 r - a ring of protection from cold
 s - a ring of willpower (left hand)
Scrolls
 j - 2 scrolls of blinking
 l - a scroll of summoning
 t - 2 scrolls of identify
 u - 4 scrolls of enchant weapon
 v - 2 scrolls of fog
 w - 2 scrolls of enchant armour
Potions
 d - 2 potions of might
 e - 9 potions of curing
 g - a potion of haste
 h - 4 potions of magic
 i - 3 potions of berserk rage
 k - a potion of invisibility
 o - a potion of resistance


   Skills:
 O Level 27 Fighting
 O Level 27 Axes
 + Level 25.3 Armour
 + Level 7.7 Dodging
 + Level 9.8 Stealth
 O Level 27 Shields


You had 15 spell levels left.
You didn't know any spells.
Your spell library was empty.

Dungeon Overview and Level Annotations

Branches:
Dungeon (1/1)

Altars:
Ashenzari
Cheibriados
Dithmenos
Elyvilon
Fedhas
Gozag
Hepliaklqana
Kikubaaqudgha
Makhleb
Nemelex Xobeh
Okawaru
Qazlal
Ru
Sif Muna
Trog
Uskayaw
Vehumet
Wu Jian
Xom
Yredelemnul
Zin
The Shining One
Beogh
Jiyva
Lugonu

Annotations:
D Asmodeus


Innate Abilities, Weirdness & Mutations

You have a pair of horns on your head.
You reflexively headbutt those who attack you in melee.
You are very clumsy. (Dex -4)
Armour fits poorly on your strangely shaped body.
You are dopey. (Int -2)
You do not regenerate when monsters are visible.
You are weak. (Str -2)


Message History

Your troll closely misses Asmodeus.
Your troll claws Asmodeus but does no damage. x2
You block Asmodeus's attack.
You hit Asmodeus but do no damage.
You headbutt Asmodeus, but do no damage.
Asmodeus is severely wounded.
You slice the balrug!!
You are engulfed in blazing flames.
You resist.
Your troll is engulfed in blazing flames.
Your troll bites Asmodeus.
Your troll claws Asmodeus but does no damage.
Your troll claws Asmodeus!
You block the balrug's attack.
Asmodeus hits your troll with the +7 sceptre of Asmodeus!!!
Your troll dies!
Your troll's corpse disappears in a puff of smoke!
You block the balrug's attack.
Asmodeus shouts, "Succumb, thou currish knotty-pated gonus!"
You hit Asmodeus.
Asmodeus is severely wounded.
You slice the balrug!!
You kill the balrug!
You are engulfed in blazing flames.
You resist. Asmodeus gestures at you.
The sphere of damnation explodes!
The damnation engulfs you!!!
* * * LOW HITPOINT WARNING * * *
The damnation engulfs Asmodeus.
Asmodeus completely resists.
You hit Asmodeus but do no damage.
Asmodeus is severely wounded.
You are engulfed in blazing flames.
You resist.
* * * LOW HITPOINT WARNING * * *
You block Asmodeus's attack.
Unknown command.
Unknown command.
You hit Asmodeus but do no damage. Your headbutt misses Asmodeus.
Asmodeus is severely wounded.
You are engulfed in blazing flames.
You resist. You block Asmodeus's attack.
You slash Asmodeus!
Asmodeus is severely wounded.
Asmodeus gestures at you.
The sphere of damnation explodes!
The damnation engulfs you!!
You die...

...# ..# #'# ### ##
#'# +..##.### #)#
+# #..'##.# #'# .##
##+#.)#'####.#
#&##.# ##..##.##'#
+#@°'####'#..)# #÷#
#.##.#.#§###..###'#
##.)###)## ##..##.#
#.##..'.# +#..##'#
+#..##### ##).###)#
+## #+.)## #'#
#..'## #.#
#..##.###'# +..#
##'##.#


You could see Asmodeus (strong, clouds).

Vanquished Creatures
  Khufu (D)
  2 orbs of fire (D)
  3 ancient liches (D)
  A royal mummy (D)
  Frederick (D)
  A curse toe (D)
  Saint Roka (D)
  A pearl dragon (D)
  An electric golem (D)
  A Tzitzimitl (D)
  A Brimstone Fiend (D)
  An Ice Fiend (D)
  A deep elf blademaster (D)
  A titan (D)
  A death cob (D)
  A deep elf master archer (D)
  A shadow dragon (D)
  A nagaraja (D)
  4 balrugs (D)
  A frost giant (D)
  An orc warlord (D)
  An emperor scorpion (D)
  A reaper (D)
  A stone giant (D)
  A black draconian (D)
  A deep elf annihilator (D)
  A deep elf death mage (D)
  An eidolon (D)
  A yaktaur captain (D)
  A deep elf high priest (D)
  A hydra (D)
  3 vault guards (D)
  An alligator snapping turtle (D)
  3 naga warriors (D)
  Erolcha (D)
  Erica (D)
  3 death yaks (D)
  2 orc high priests (D)
  A sun demon (D)
  A deep elf knight (D)
  A fire crab (D)
  2 deep trolls (D)
  A phantasmal warrior (D)
  A swamp dragon (D)
  A spriggan druid (D)
  A necromancer (D)
  9 orc knights (D)
  An ugly thing (D)
  An elephant (D)
  A molten gargoyle (D)
  A guardian serpent (D)
  2 smoke demons (D)
  A rime drake (D)
  3 kobold demonologists (D)
  A tormentor (D)
  2 efreet (D)
  A guardian mummy (D)
  A red devil (D)
  A polar bear (D)
  3 hornets (D)
  4 blink frogs (D)
  Prince Ribbit (D)
  3 dream sheep (D)
  3 redbacks (D)
  A shadow (D)
  A small abomination (D)
  A wyvern (D)
  A wraith (D)
  2 fire bats (D)
  3 air elementals (D)
  5 vampire mosquitoes (D)
  A large abomination (D)
  2 hell hounds (D)
  4 orc warriors (D)
  3 necrophages (D)
  7 wolves (D)
  A phantom (D)
  An earth elemental (D)
  4 wights (D)
  A hound (D)
  2 iguanas (D)
  2 iron imps (D)
  An orc wizard (D)
  A worker ant (D)
  A hell rat (D)
  2 adders (D)
  A river rat (D)
  A white imp (D)
  An ufetubus (D)
  3 oozes (D)
  6 orcs (D)
  2 giant cockroaches (D)
  A hobgoblin (D)
  A kobold (D)
  A bat simulacrum (D)
  3 frilled lizards (D)
  A leopard gecko skeleton (D)
167 creatures vanquished.

Vanquished Creatures (collateral kills)
  the Serpent of Hell (D)
  A bone dragon (D)
  An orc warlord (D)
  A red draconian (D)
  An orc knight (D)
  An orc sorcerer (D)
  A wolf spider (D)
  A gargoyle (D)
  A wyvern (D)
  A hell hound (D)
  An orc warrior (D)
  3 wolves (D)
  An orc (D)
  A leopard gecko zombie (D)
16 creatures vanquished.

Vanquished Creatures (others)
  A death knight (D)
  An unseen horror (D)
  An adder simulacrum (D)
  An orc (D)
  A bat skeleton (D)
  A bat zombie (D)
  A bat simulacrum (D)
7 creatures vanquished.

Grand Total: 190 creatures vanquished

Notes
Turn   | Place    | Note
-------+----------+-------------------------------------------
     0 | D        | mhtbhm the Minotaur Fighter began the quest for the Orb.
     0 | D        | Reached XP level 1. HP: 19/19 MP: 0/0
    25 | D        | Found a bloodstained altar of Trog.
    25 | D        | Found a shimmering blue altar of Sif Muna.
    25 | D        | Found a viscous altar of Jiyva.
    25 | D        | Found a hazy altar of Hepliaklqana.
    25 | D        | Found an opulent altar of Gozag.
    26 | D        | Found a glowing golden altar of the Shining One.
    26 | D        | Found a glowing silver altar of Zin.
    26 | D        | Found a basalt altar of Yredelemnul.
    26 | D        | Found a shimmering altar of Xom.
    26 | D        | Found an ornate altar of the Wu Jian Council.
    26 | D        | Found a sacrificial altar of Ru.
    26 | D        | Found a stormy altar of Qazlal.
    26 | D        | Found an iron altar of Okawaru.
    26 | D        | Found a sparkling altar of Nemelex Xobeh.
    26 | D        | Found a burning altar of Makhleb.
    26 | D        | Found a blossoming altar of Fedhas.
    26 | D        | Found a white marble altar of Elyvilon.
    26 | D        | Found a shadowy altar of Dithmenos.
    26 | D        | Found a snail-covered altar of Cheibriados.
    29 | D        | Found a corrupted altar of Lugonu.
    29 | D        | Found a radiant altar of Vehumet.
    30 | D        | Became a worshipper of Trog the Wrathful
   113 | D        | Reached * piety under Trog
   114 | D        | Reached XP level 2. HP: 28/28 MP: 1/1
   129 | D        | Reached skill level 5 in Armour
   131 | D        | Reached ** piety under Trog
   139 | D        | Reached skill level 5 in Fighting
   139 | D        | Reached skill level 5 in Shields
   139 | D        | Reached XP level 3. HP: 19/36 MP: 2/2
   305 | D        | Noticed a fire bat
   305 | D        | Noticed Prince Ribbit
   305 | D        | Noticed a necrophage
   311 | D        | Reached *** piety under Trog
   312 | D        | Reached skill level 1 in Dodging
   312 | D        | Reached XP level 4. HP: 34/44 MP: 3/3
   312 | D        | Killed a fire bat
   313 | D        | Reached XP level 5. HP: 40/52 MP: 4/4
   314 | D        | Killed a necrophage
   315 | D        | Reached XP level 6. HP: 48/61 MP: 5/5
   324 | D        | Killed Prince Ribbit
   324 | D        | Reached **** piety under Trog
   325 | D        | Reached skill level 10 in Armour
   454 | D        | Noticed a fire bat
   458 | D        | Killed a fire bat
   459 | D        | Reached XP level 7. HP: 70/70 MP: 6/6
   459 | D        | Noticed a redback
   464 | D        | Killed a redback
   465 | D        | Reached skill level 1 in Stealth
   465 | D        | Reached skill level 10 in Shields
   486 | D        | Reached ***** piety under Trog
   487 | D        | Reached skill level 10 in Axes
   490 | D        | Reached skill level 10 in Fighting
   497 | D        | Noticed a hornet
   502 | D        | Received a gift from Trog
   503 | D        | Killed a hornet
   504 | D        | Reached XP level 8. HP: 79/79 MP: 7/7
   625 | D        | Found a hide-covered altar of Uskayaw.
   625 | D        | Found an ancient bone altar of Kikubaaqudgha.
   625 | D        | Found a broken altar of Ashenzari.
   651 | D        | Noticed a hornet
   651 | D        | Noticed a kobold demonologist
   660 | D        | Noticed a red devil
   664 | D        | Killed a kobold demonologist
   668 | D        | Killed a hornet
   852 | D        | Noticed an orc high priest
   852 | D        | Noticed an orc sorcerer
   852 | D        | Noticed a deep troll
   852 | D        | Noticed a kobold demonologist
   852 | D        | Noticed Erica
   854 | D        | Noticed an ice devil
   855 | D        | Noticed a hellwing
   856 | D        | Noticed an orange demon
   862 | D        | Noticed a red devil
   862 | D        | Received a gift from Trog
   864 | D        | Noticed a soul eater
   864 | D        | Killed Erica
   865 | D        | Reached XP level 9. HP: 86/89 MP: 8/8
   869 | D        | Noticed a hellwing
   871 | D        | Killed an orc high priest
   876 | D        | Killed a deep troll
   880 | D        | Killed a kobold demonologist
   880 | D        | Reached ****** piety under Trog
   881 | D        | Reached XP level 10. HP: 44/97 MP: 9/9
   890 | D        | Received a gift from Trog
   891 | D        | Killed an orc sorcerer
  1131 | D        | Noticed an orc high priest
  1133 | D        | Noticed a sun demon
  1134 | D        | Noticed an orange demon
  1136 | D        | Reached skill level 15 in Armour
  1137 | D        | Received a gift from Trog
  1139 | D        | Noticed a smoke demon
  1148 | D        | Killed an orc high priest
  1149 | D        | Reached skill level 15 in Axes
  1159 | D        | Killed a sun demon
  1159 | D        | Received a gift from Trog
  1425 | D        | Noticed a phantasmal warrior
  1431 | D        | Noticed a smoke demon
  1437 | D        | Killed a smoke demon
  1439 | D        | Killed a phantasmal warrior
  1440 | D        | Reached skill level 15 in Shields
  1444 | D        | Received a gift from Trog
  1499 | D        | Noticed a swamp dragon
  1501 | D        | Killed an unseen horror
  1506 | D        | Killed a swamp dragon
  1507 | D        | Reached skill level 5 in Dodging
  1507 | D        | Reached XP level 11. HP: 50/107 MP: 10/10
  1802 | D        | Noticed a deep troll
  1806 | D        | Noticed a seven-headed hydra
  1811 | D        | Killed a deep troll
  1811 | D        | Received a gift from Trog
  1824 | D        | Received a gift from Trog
  1826 | D        | Killed a 14-headed hydra
  1827 | D        | Reached skill level 15 in Fighting
  2118 | D        | Noticed a necromancer
  2118 | D        | Noticed a frost giant
  2122 | D        | Killed a frost giant
  2122 | D        | Received a gift from Trog
  2131 | D        | Killed a necromancer
  2376 | D        | Noticed an emperor scorpion
  2377 | D        | Noticed a nagaraja
  2391 | D        | Killed an emperor scorpion
  2396 | D        | Killed a nagaraja
  2396 | D        | Received a gift from Trog
  2397 | D        | Reached XP level 12. HP: 124/124 MP: 11/11
  2644 | D        | Noticed an alligator snapping turtle
  2644 | D        | Noticed Erolcha
  2652 | D        | Killed Erolcha
  2652 | D        | Identified the +10 war axe "Cyjudgh" {vorpal, +Rage} (Trog
                  | gifted it to you in the Dungeon)
  2652 | D        | Received a gift from Trog
  2658 | D        | Killed an alligator snapping turtle
  2723 | D        | Noticed a pearl dragon
  2728 | D        | Killed a pearl dragon
  2861 | D        | Noticed a balrug
  2868 | D        | Killed a balrug
  2966 | D        | Noticed a shadow dragon
  2974 | D        | Killed a shadow dragon
  2974 | D        | Received a gift from Trog
  3036 | D        | Noticed a deep elf high priest
  3040 | D        | Killed a deep elf high priest
  3082 | D        | Noticed an electric golem
  3092 | D        | Killed an electric golem
  3093 | D        | Reached XP level 13. HP: 137/137 MP: 12/12
  3280 | D        | Received a gift from Trog
  3290 | D        | Noticed a deep elf death mage
  3298 | D        | Killed a deep elf death mage
  3299 | D        | Noticed an eidolon
  3299 | D        | Noticed Saint Roka
  3311 | D        | Killed Saint Roka
  3311 | D        | Received a gift from Trog
  3321 | D        | Killed an eidolon
  3322 | D        | Noticed a bone dragon
  3326 | D        | Killed a bone dragon
  3341 | D        | Received a gift from Trog
  3342 | D        | Noticed a death cob
  3350 | D        | Killed a death cob
  3811 | D        | Received a gift from Trog
  3919 | D        | Noticed an orc warlord
  3920 | D        | Noticed an orc warlord
  3931 | D        | Killed an orc warlord
  3933 | D        | Killed an orc warlord
  3938 | D        | Reached skill level 5 in Stealth
  3945 | D        | Received a gift from Trog
  4322 | D        | Noticed a stone giant
  4337 | D        | Reached XP level 14. HP: 146/152 MP: 13/13
  4338 | D        | Received a gift from Trog
  4343 | D        | Killed a stone giant
  4561 | D        | Received a gift from Trog
  4923 | D        | Noticed the Serpent of Hell
  4923 | D        | Noticed an ancient lich
  4923 | D        | Noticed a deep elf blademaster
  4923 | D        | Noticed an ancient lich
  4931 | D        | Killed a deep elf blademaster
  4931 | D        | Received a gift from Trog
  4937 | D        | Noticed an iron dragon
  4943 | D        | Killed an ancient lich
  4945 | D        | Noticed a golden dragon
  4947 | D        | Killed an ancient lich
  4950 | D        | Noticed a storm dragon
  4964 | D        | Noticed a shadow dragon
  4988 | D        | Noticed a storm dragon
  4996 | D        | Killed the Serpent of Hell
  5222 | D        | Noticed an Ice Fiend
  5229 | D        | Killed an Ice Fiend
  5230 | D        | Reached XP level 15. HP: 166/166 MP: 14/14
  5303 | D        | Noticed Khufu
  5315 | D        | Killed Khufu
  5315 | D        | Received a gift from Trog
  5642 | D        | Noticed a titan
  5650 | D        | Killed a titan
  5745 | D        | Noticed an ancient lich
  5753 | D        | Killed an ancient lich
  5888 | D        | Noticed a Brimstone Fiend
  5893 | D        | Killed a Brimstone Fiend
  6219 | D        | Received a gift from Trog
  6366 | D        | Noticed Frederick
  6379 | D        | Killed Frederick
  6432 | D        | Noticed an orb of fire
  6433 | D        | Gained mutation: You are clumsy. (Dex -2) [an orb of fire]
  6438 | D        | Gained mutation: You are weak. (Str -2) [an orb of fire]
  6441 | D        | Gained mutation: Armour fits poorly on your strangely
                  | shaped body. [an orb of fire]
  6448 | D        | Killed an orb of fire
  6559 | D        | Noticed a royal mummy
  6574 | D        | Killed a royal mummy
  6778 | D        | Noticed an orb of fire
  6783 | D        | Gained mutation: You do not regenerate when monsters are
                  | visible. [an orb of fire]
  6788 | D        | Gained mutation: You are dopey. (Int -2) [an orb of fire]
  6806 | D        | Gained mutation: You are very clumsy. (Dex -4) [an orb of
                  | fire]
  6811 | D        | HP: 1/171 [orb of fire/fireball (33)]
  6817 | D        | Killed an orb of fire
  6817 | D        | Received a gift from Trog
  6818 | D        | Reached XP level 16. HP: 28/180 MP: 15/15
  7203 | D        | Noticed a curse toe
  7220 | D        | Killed a curse toe
  7221 | D        | Reached skill level 27 in Axes
  7221 | D        | Reached skill level 27 in Shields
  7221 | D        | Noticed a deep elf master archer
  7224 | D        | Killed a deep elf master archer
  7225 | D        | Reached skill level 27 in Fighting
  7231 | D        | Noticed a Tzitzimitl
  7236 | D        | Killed a Tzitzimitl
  7464 | D        | Found the +7 sceptre of Asmodeus
  7464 | D        | Noticed Asmodeus
  7503 | D        | Killed from afar by Asmodeus

Illustrated notes

Levels and vault maps discovered:
D:        pitsprint [storerooms_1, entrance_room_1, metal_vault_3, armoury_2,
          mini_pit_1, grid_room_1, main_hall_1, silver_pit, the_coven_3,
          the_vestibule_1, steel_vault_1, golden_pit, hallway_of_sentries,
          crystal_vault_5, iron_vault_5, final_vault]

Skill      XL: |  1  2  3  4  5  6  7  8  9 10 11 12 13 14 15 16 |
---------------+-------------------------------------------------+-----
Fighting       | 4 5 7 8 9 10 11 12 13 16 19 21 24 26 27 | 27.0
Armour         | 4 5 6 8 9 10 12 13 14 16 17 18 19 20 23 25 | 25.3
Shields        | 4 5 6 7 8 9 10 12 13 15 16 18 21 23 26 27 | 27.0
Axes           | 3 4 6 7 9 10 12 14 16 18 20 22 24 26 27 | 27.0
Dodging        | 1 2 3 4 5 7 |  7.7
Stealth        | 1 2 3 6 9 |  9.8

Action                   |  1- 3 |  4- 6 |  7- 9 | 10-12 | 13-15 | 16-18 || total
-------------------------+-------+-------+-------+-------+-------+-------++-------
Melee: War axe           |    10 |       |    42 |    94 |   142 |       ||   288
       Hand axe          |    27 |    11 |    31 |       |       |       ||    69
       Headbutt          |     6 |     1 |    19 |    40 |    77 |    23 ||   166
       Broad axe         |       |       |       |    53 |   177 |    75 ||   305
Invok: Berserk           |     1 |       |     2 |    12 |    16 |     3 ||    34
       Brothers in Arms  |       |       |       |     1 |    10 |     1 ||    12
       Trog's Hand       |       |       |       |       |     4 |     1 ||     5
  Use: Potion            |       |       |     1 |     4 |    17 |       ||    22
       Scroll            |       |       |       |       |     1 |       ||     1
 Stab: Invisible         |       |       |       |       |    10 |       ||    10
       Distracted        |       |       |       |       |     1 |       ||     1
Armor: Scale mail        |    16 |       |       |       |       |       ||    16
       Plate armour      |     5 |     5 |    37 |    74 |       |       ||   121
       Chain mail        |       |       |       |    18 |       |       ||    18
       Pearl dragon scal |       |       |       |    12 |    23 |       ||    35
       Gold dragon scale |       |       |       |       |    62 |    11 ||    73
Dodge: Dodged            |    13 |     6 |    16 |    53 |    73 |     6 ||   167
Block: Kite shield       |    18 |     9 |    35 |   107 |    74 |       ||   243
       Tower shield      |       |       |       |       |   132 |    34 ||   166

Table legend: (Time is in decaauts)
 A = Elapsed time spent in this place.
 B = Non-inter-level travel time spent in this place.
 C = Inter-level travel time spent in this place.
 D = Time resting spent in this place.
 E = Time spent auto-exploring this place.
 F = Levels seen in this place.
 G = Mean time per level.
                   A        B        C        D        E       F      G
               +--------+--------+--------+--------+--------+-----+--------+
         Total |   7637 |   7637 |      0 |   5292 |    208 |   1 | 7637.0 |
       Dungeon |   7637 |   7637 |      0 |   5292 |    208 |   1 | 7637.0 |
               +--------+--------+--------+--------+--------+-----+--------+

Top non-repeatable levels by time:
       D: 7637 daAuts
